 Dungeon Crawl Stone Soup version 0.22.1 (webtiles) character file.

7439 JeffiDaFish the Fighter (level 11, -5/74 HPs)
             Began as a Gargoyle Fighter on Sept 17, 2018.
             Was an Elder of Okawaru.
             Slain by Snorg (9 damage)
             ... on level 10 of the Dungeon on Sept 18, 2018.
             The game lasted 00:23:56 (9545 turns).

JeffiDaFish the Fighter (Gargoyle Fighter)          Turns: 9545, Time: 00:23:56

Health: -5/74      AC: 25    Str: 29    XL:     11   Next: 15%
Magic:  11/11      EV:  7    Int: 10    God:    Okawaru [****..]
Gold:   532        SH: 13    Dex:  9    Spells: 10/10 levels left

rFire    . . .     SeeInvis .   t - +4 flail
rCold    . . .     Gourm    .   c - +1 shield
rNeg     + . .     Faith    .   m - +0 chain mail
rPois    ∞         Spirit   .   b - +1 helmet
rElec    +         Reflect  .   w - +0 cloak
rCorr    .         Harm     .   s - +0 pair of gloves
MR       .....                  g - +0 pair of boots {Stlth+}
Stlth    ..........             (no amulet)
HPRegen  0.22/turn              k - +3 ring of slaying
MPRegen  0.12/turn              i - +2 ring of strength

@: mighty
A: negative energy resistance 1, electricity resistance, unbreathing,
petrification resistance, rot immunity, AC +8
a: Heroism, Renounce Religion


You were on level 10 of the Dungeon.
You worshipped Okawaru.
Okawaru was greatly pleased with you.
You were not hungry.

You visited 2 branches of the dungeon, and saw 11 of its levels.

You collected 532 gold pieces.

Inventory:

Hand Weapons
 t - a +4 flail (weapon)
Armour
 b - a +1 helmet (worn)
 c - a +1 shield (worn)
 g - a +0 pair of boots of stealth (worn)
 m - a +0 chain mail (worn)
 s - a +0 pair of gloves (worn)
 w - a +0 cloak (worn)
Jewellery
 e - an uncursed ring of wizardry
 i - a +2 ring of strength (right hand)
 k - a +3 ring of slaying (left hand)
Wands
 l - a wand of acid (19)
 p - a wand of paralysis (12)
 r - a wand of clouds (3)
 v - a wand of polymorph (16)
 x - a wand of flame (16)
Scrolls
 a - 3 scrolls of magic mapping
 j - 3 scrolls of identify
 n - 4 scrolls of remove curse
 o - a scroll of enchant armour
 q - 2 scrolls of teleportation
Potions
 u - a potion of flight
 z - a potion of magic
Comestibles
 f - 21 rations


   Skills:
 * Level 11.0 Fighting
 * Level 10.0 Maces & Flails
 + Level 8.3 Armour
 + Level 8.3 Shields


You had 10 spell levels left.
You didn't know any spells.
Your spell library was empty.

Dungeon Overview and Level Annotations

Branches:
Dungeon (10/15)            Temple (1/1) D:6             Orc (0/2) D:9
   Lair: D:8-11

Altars:
Ashenzari
Cheibriados
Dithmenos
Elyvilon
Fedhas
Gozag
Hepliaklqana
Kikubaaqudgha
Makhleb
Nemelex Xobeh
Okawaru
Qazlal
Sif Muna
Trog
Vehumet
Wu Jian
Xom
Yredelemnul
Zin

Annotations:
D:9 3 runed doors, TrayleKats's ghost, novice MiMo
D:10 Snorg


Innate Abilities, Weirdness & Mutations

You are resistant to torment.
Your stone body is resilient. (AC +8)
You are immune to poison.
You resist negative energy. (rN+)
You are resistant to electric shocks. (rElec)
You can survive without breathing.
You are immune to petrification.
You are immune to rotting.


Message History

Snorg is moderately wounded.
You block Snorg's attack. x2; Snorg claws you but does no damage.
Snorg barely misses you. Snorg completely misses you. You block Snorg's attack.
You feel better. You block Snorg's attack. Snorg claws you but does no damage.
You block Snorg's attack.
You completely miss Snorg.
Snorg is moderately wounded.
You block Snorg's attack. x2; Snorg claws you but does no damage.
Snorg bites you!
* * * LOW HITPOINT WARNING * * *
Snorg claws you!
* * * LOW HITPOINT WARNING * * *
Snorg barely misses you.
Evoke which item? (* to show all) (? for menu, Esc to quit)
Aiming: Cloud Cone
Press: ? - help, Dir - move target cursor, f/p - Snorg
Aim: Snorg (moderately wounded, berserk, fast, unusually strong)
You create a blast of freezing vapour!
Snorg is engulfed in freezing vapours.
Snorg bites you but does no damage. Snorg claws you!
You die...

+ .## ..#
###.###
###.....#
#.......#####
#.........#
#....%#
#.<.@.#
####T## #§#
#§# #§§ ##.
.. ..


You could see Snorg (berserk).

Vanquished Creatures
  A two-headed ogre (D:9)
  Maurice (D:8)
  The ghost of CabbageHands the Slasher, a novice DsGl of Wu Jian (D:5)
  Grinder (D:3)
  A hippogriff (D:7)
  9 yaks (D:9)
  2 hungry ghosts
  A steam dragon (D:9)
  Grum (D:9)
  2 orc warriors
  2 ice beasts
  3 sky beasts
  A phantom (D:6)
  3 centaurs
  4 wolves (D:9)
  4 ogres
  A big kobold (D:8)
  5 bullfrogs
  2 gnoll sergeants
  4 scorpions
  A wyvern skeleton (D:7)
  3 killer bees (D:7)
  4 wights (D:9)
  2 crimson imps
  A bullfrog zombie (D:7)
  A centaur zombie (D:9)
  3 orc priests
  A bullfrog skeleton (D:7)
  A gnoll shaman (D:9)
  2 centaur skeletons
  3 hounds
  3 jellies
  2 iguanas
  Terence (D:3)
  8 orc wizards
  4 worker ants
  A hound skeleton (D:2)
  Robin (D:3)
  10 adders
  16 gnolls
  2 shadow imps
  4 worms
  3 dart slugs (D:1)
  6 leopard geckos
  46 orcs
  2 ball pythons (D:2)
  13 bats
  6 giant cockroaches
  23 goblins
  12 hobgoblins
  5 jackals
  9 kobolds
  6 quokkas
  6 frilled lizards
  A quokka skeleton (D:6)
  8 rats
269 creatures vanquished.

Vanquished Creatures (collateral kills)
  A leopard gecko (D:7)
1 creature vanquished.

Grand Total: 270 creatures vanquished

Notes
Turn   | Place    | Note
-------+----------+-------------------------------------------
     0 | D:1      | JeffiDaFish the Gargoyle Fighter began the quest for the
                  | Orb.
     0 | D:1      | Reached XP level 1. HP: 14/14 MP: 1/1
    63 | D:1      | Reached XP level 2. HP: 16/19 MP: 2/2
   118 | D:1      | Reached XP level 3. HP: 13/24 MP: 3/3
   553 | D:1      | Reached skill level 4 in Fighting
   779 | D:2      | Reached XP level 4. HP: 28/29 MP: 4/4
   997 | D:2      | Found a faded altar of an unknown god.
  1471 | D:3      | Found a radiant altar of Vehumet.
  1551 | D:3      | Reached XP level 5. HP: 34/34 MP: 5/5
  1952 | D:3      | Noticed Grinder
  1956 | D:3      | Paralysed by Grinder for 7 turns
  1966 | D:3      | Paralysed by Grinder for 6 turns
  1973 | D:3      | Killed Grinder
  1973 | D:3      | Reached skill level 5 in Fighting
  1973 | D:3      | Reached XP level 6. HP: 30/40 MP: 6/6
  2029 | D:3      | Noticed Robin
  2069 | D:3      | Killed Robin
  2175 | D:3      | Noticed Terence
  2182 | D:3      | Killed Terence
  2289 | D:3      | Reached XP level 7. HP: 43/44 MP: 7/7
  2561 | D:3      | Found a white marble altar of Elyvilon.
  2664 | D:4      | Found an opulent altar of Gozag.
  3044 | D:4      | Reached skill level 6 in Fighting
  3507 | D:4      | Reached skill level 5 in Maces & Flails
  3870 | D:4      | Reached skill level 5 in Shields
  4020 | D:5      | Entered Level 5 of the Dungeon
  4383 | D:5      | Found a shimmering altar of Xom.
  4383 | D:5      | Found a shimmering altar of Xom.
  4384 | D:5      | Found a shimmering altar of Xom.
  4384 | D:5      | Found a shimmering altar of Xom.
  4504 | D:5      | Upgraded the game from 0.22.0-81-g402daae to 0.22.1
  4526 | D:5      | Found a runed door.
  4539 | D:5      | Noticed CabbageHands's ghost (novice DsGl)
  4842 | D:6      | Reached skill level 5 in Armour
  4845 | D:6      | Reached XP level 8. HP: 52/52 MP: 8/8
  4971 | D:6      | Identified a scroll of acquirement
  5216 | D:6      | Found a staircase to the Ecumenical Temple.
  5225 | Temple   | Entered the Ecumenical Temple
  5334 | Temple   | Became a worshipper of Warmaster Okawaru
  5491 | D:6      | Reached skill level 7 in Fighting
  6662 | D:7      | Noticed a hippogriff
  6675 | D:7      | Killed a hippogriff
  6675 | D:7      | Reached XP level 9. HP: 58/59 MP: 9/9
  6773 | D:7      | Reached * piety under Okawaru
  6773 | D:7      | Reached skill level 8 in Fighting
  6923 | D:7      | Found an ornate altar of the Wu Jian Council.
  7137 | D:8      | Found a basalt altar of Yredelemnul.
  7166 | D:8      | Found a shadowy altar of Dithmenos.
  7172 | D:8      | Found a stormy altar of Qazlal.
  7287 | D:8      | Reached ** piety under Okawaru
  7357 | D:8      | Noticed Maurice
  7368 | D:8      | Killed Maurice
  7374 | D:8      | Reached skill level 9 in Fighting
  7594 | D:8      | Found a sparkling altar of Nemelex Xobeh.
  7839 | D:8      | Reached XP level 10. HP: 65/66 MP: 10/10
  8051 | D:9      | Reached *** piety under Okawaru
  8078 | D:9      | Found a staircase to the Orcish Mines.
  8212 | D:9      | Noticed Grum
  8227 | D:9      | Killed Grum
  8287 | D:9      | Found a runed gate.
  8288 | D:9      | Found a runed gate.
  8293 | D:9      | Found a runed gate.
  8296 | D:9      | Noticed TrayleKats's ghost (novice MiMo)
  8296 | D:9      | Noticed a spectral centaur warrior
  8336 | D:9      | Reached skill level 10 in Fighting
  8488 | D:9      | Reached **** piety under Okawaru
  8538 | D:9      | Noticed a two-headed ogre
  8548 | D:9      | Killed a two-headed ogre
  8897 | D:9      | Reached XP level 11. HP: 64/73 MP: 11/11
  8904 | D:9      | Reached ***** piety under Okawaru
  8928 | D:9      | Reached skill level 11 in Fighting
  9338 | D:5      | Killed CabbageHands's ghost
  9338 | D:5      | Reached skill level 10 in Maces & Flails
  9510 | D:10     | Entered Level 10 of the Dungeon
  9522 | D:10     | Noticed Snorg
  9545 | D:10     | Slain by Snorg

Skill      XL: |  1  2  3  4  5  6  7  8  9 10 11 |
---------------+----------------------------------+-----
Fighting       | 4 5 6 7 9 10 11 | 11.0
Maces & Flails | 3 4 5 6 8 9 10 | 10.0
Armour         | 4 5 7 8 |  8.3
Shields        | 4 5 6 7 8 |  8.3

Action                   |  1- 3 |  4- 6 |  7- 9 | 10-12 || total
-------------------------+-------+-------+-------+-------++-------
Melee: Flail             |   145 |   199 |   339 |   316 ||   999
Evoke: Wand              |       |       |     3 |     6 ||     9
  Use: Potion            |     2 |     1 |     4 |     4 ||    11
       Scroll            |       |     5 |    10 |     2 ||    17
  Eat: Chunk             |       |     5 |    20 |     4 ||    29
       Ration            |       |       |     1 |     1 ||     2
Armor: Scale mail        |   112 |    42 |       |       ||   154
       Chain mail        |       |    80 |   175 |   140 ||   395
Dodge: Dodged            |    58 |    45 |    72 |    43 ||   218
Block: Shield            |   110 |    80 |   217 |   164 ||   571
